 Dungeon Crawl Stone Soup version 0.32-a0-42-ga30500b4d3 (webtiles) character file.

Game seed: 17746317104621161490

567 promet the Covert (level 7, -2/46 HPs)
             Began as an Octopode Brigand on Jan 23, 2024.
             Slain by a gnoll sergeant
             ... wielding a +3 spear of distortion
              (10 damage)
             ... on level 3 of the Dungeon on Jan 30, 2024.
             The game lasted 00:33:43 (4950 turns).

promet the Covert (Octopode Brigand)                Turns: 4950, Time: 00:33:44

Health: -2/46      AC:  5    Str: 12    XL:     7   Next: 33%
Magic:  7/7        EV: 13    Int: 14    God:
Gold:   165        SH:  0    Dex: 13    Spells: 5/6 levels left

rFire   . . .        b - +0 battleaxe
rCold   . . .        (shield currently unavailable)
rNeg    . . .        (helmet restricted)
rPois   .            (no amulet)
rElec   .            f - +4 ring of protection
rCorr   .            g - ring of wizardry
SInv    .            (no ring)
Will    .....        (no ring)
Stlth   +++++        (no ring)
HPRegen 0.27/turn    (no ring)
MPRegen 0.10/turn    (no ring)
                     (no ring)

%: wizardry (x1)
@: brilliant
A: almost no armour, amphibious, 8 rings, camouflage 1, gelatinous body 1,
(nimble swimmer 1), tentacles
a: no special abilities


You were on level 3 of the Dungeon.
You visited 1 branch of the dungeon, and saw 4 of its levels.

You collected 165 gold pieces.

Inventory:

Hand Weapons
 a - a +2 dagger of venom
 b - a +0 battleaxe (weapon)
 h - a +0 spear
 r - a +2 dagger
 t - a +0 antimagic dagger
 v - a +0 rapier
 z - a +1 spear of freezing
Missiles
 c - 3 curare-tipped darts
 i - 23 stones
 k - 12 javelins
 n - 16 poisoned darts (quivered)
 A - 2 darts of dispersal
Jewellery
 f - a +4 ring of protection (left tentacle)
 g - a ring of wizardry (right tentacle)
 j - a +6 ring of intelligence
Wands
 m - a wand of iceblast (2)
Scrolls
 l - 2 scrolls of enchant armour
 s - 2 scrolls of identify
 u - a scroll of immolation {unknown}
 w - a scroll of blinking {unknown}
 x - a scroll of fog {unknown}
 y - a scroll of revelation {unknown}
Potions
 d - a potion of mutation {unknown}
 e - a potion of degeneration {unknown}
 o - a potion of curing
 p - a potion of lignification {unknown}
 q - a potion of brilliance
 B - a potion of haste {unknown}


   Skills:
 * Level 3.6 Fighting
 + Level 3.6 Short Blades
 + Level 1.3 Polearms
 + Level 3.5 Throwing
 + Level 2.2 Dodging
 + Level 8.4 Stealth
 + Level 0.2 Evocations


You had 5 spell levels left.
You knew the following spells:

 Your Spells              Type           Power      Damage    Failure   Level
a - Slow                  Hex            0%         N/A       12%         1

Your spell library contained the following spells:

 Spells                   Type           Power      Damage    Failure   Level
 Confusing Touch          Hex            0%         N/A       32%         3
 Ozocubu's Armour         Ice            0%         N/A       32%         3
 Sigil of Binding         Hex            0%         N/A       32%         3
 Vampiric Draining        Necr           0%         2d6       32%         3
 Metabolic Englaciation   Hex/Ice        0%         N/A       95%         5
 Sculpt Simulacrum        Ice/Alch       0%         N/A       100%        6


Dungeon Overview and Level Annotations

Branches:
Dungeon (4/15)
 Temple: D:4-7

Altars:

Annotations:
D:4 3 runed translucent doors, Nick1's ghost, weakling DsNe


Innate Abilities, Weirdness & Mutations

You cannot wear most types of armour.
You are amphibious.
You can wear up to eight rings at the same time.
Your skin changes colour to match your surroundings (Stealth+).
Your rubbery body absorbs attacks. (AC +1, EV +1)
((You are camouflaged when in or above water. (Stealth+)))
You have tentacles for arms and can constrict up to eight enemies at once.


Message History

A gnoll sergeant comes into view.
It is wielding a +3 spear of distortion.
You see here a viscous purple potion.
You see here a viscous purple potion.
B - a viscous purple potion A gnoll comes into view.
It is wielding a +0 whip.
The gnoll sergeant hits you with a +3 spear of distortion!
Space warps horribly around you!!
Okay, then.
It was a potion of brilliance.
You feel clever all of a sudden.
The gnoll sergeant hits you with a +3 spear of distortion!
* * * LOW HITPOINT WARNING * * *
You blink.
A gnoll and an orc come into view.
The orc is wielding a +0 flail of protection.
A gnoll comes into view. It is wielding a +0 spear.
An orc comes into view. It is wielding a +0 short sword.
The orc moves out of view.
A ball python comes into view.
The ball python moves out of view.
An orc comes into view. It is wielding a +0 flail.
A giant cockroach comes into view.
A gnoll comes into view. It is wielding a +0 halberd.
Found an escape hatch in the floor.
There is an escape hatch in the floor here.
There is an escape hatch in the ceiling here.
The gnoll sergeant completely misses you.
A mysterious force pulls you upwards. The hatch slams shut behind you.
Okay, then.
Your +2 dagger of venom stops dripping with poison.
b - a +0 battleaxe (weapon)
You hit the gnoll sergeant but do no damage.
You grab the gnoll sergeant.
You constrict the gnoll sergeant, but do no damage.
The gnoll sergeant hits you with a +3 spear of distortion.
* * * LOW HITPOINT WARNING * * *
Space warps around you.
* * * LOW HITPOINT WARNING * * *
The gnoll sergeant hits you with a +3 spear of distortion!
You die...

# #####.#.#######≈#†#.#≈# #.# #
#....###......#§§#.#§§###.#
#####.###.#.....†.#§§.#§.§#...#
.............######§≈≈≈≈§§###.#
.###..####.#......######### #.#
.# #.## #.#..##......<.# #.#
.###.#####.#..##.##...### #.#
...........#....g.....# #.#
.###†#######..##@##.).# #.###
.# #.##.####........>.# #....
.# #)#.....##......[).# #####
.# #.##.##.#####.##.###
.###.##.##.# #)##.#
..##)##.##.#####.##.#
.###.##.##.......##.# .#
#...........####.# ##### .#
####.#####...###.# ####....


You could see a gnoll sergeant.

Vanquished Creatures
  Pargi (D:3)
  A bombardier beetle (D:4)
  2 orc priests
  A gnoll bouda (D:3)
  Jessica (D:3)
  Terence (D:2)
  Natasha (D:4)
  An orc wizard (D:3)
  A sleepcap (D:4)
  Robin (D:2)
  5 adders
  8 gnolls
  2 ribbon worms (D:2)
  2 dart slugs
  8 orcs
  6 bats
  4 endoplasms
  5 giant cockroaches
  6 hobgoblins
  3 jackals (D:1)
  6 kobolds
  3 quokkas
  9 ball pythons
  A frilled lizard (D:1)
  8 goblins
  8 rats
95 creatures vanquished.

Notes
Turn   | Place    | Note
-------+----------+-------------------------------------------
     0 | D:1      | promet the Octopode Brigand began the quest for the Orb.
     0 | D:1      | Reached XP level 1. HP: 14/14 MP: 1/1
   161 | D:1      | Reached XP level 2. HP: 19/19 MP: 2/2
   581 | D:1      | Reached skill level 6 in Stealth
   614 | D:1      | Upgraded the game from 0.32-a0-38-gb04dd89b9b to
                  | 0.32-a0-42-ga30500b4d3
   810 | D:1      | Reached XP level 3. HP: 19/24 MP: 3/3
  1000 | D:2      | Noticed Robin
  1515 | D:2      | Reached XP level 4. HP: 30/30 MP: 4/4
  1555 | D:2      | Learned a level 1 spell: Slow
  2028 | D:2      | Killed Robin
  2029 | D:2      | Reached skill level 7 in Stealth
  2114 | D:2      | Noticed Terence
  2134 | D:2      | Killed Terence
  2135 | D:2      | Reached XP level 5. HP: 35/35 MP: 5/5
  2324 | D:3      | Noticed Jessica
  2330 | D:3      | Killed Jessica
  2853 | D:3      | Identified the +0 ring mail of the Pits of Slime {Harm
                  | Stlth+}
  3113 | D:3      | Reached XP level 6. HP: 40/42 MP: 6/6
  3166 | D:3      | Noticed Pargi
  3172 | D:3      | Killed Pargi
  3397 | D:3      | Reached skill level 1 in Polearms
  3416 | D:3      | Reached skill level 8 in Stealth
  3942 | D:3      | Reached XP level 7. HP: 15/46 MP: 7/7
  4387 | D:4      | Found a runed translucent gate.
  4387 | D:4      | Found a runed translucent gate.
  4496 | D:4      | Noticed Nick1's ghost (weakling DsNe)
  4826 | D:4      | Found a runed translucent gate.
  4875 | D:4      | Noticed Natasha
  4880 | D:4      | Killed Natasha
  4950 | D:3      | Slain by a gnoll sergeant

Illustrated notes

Levels and vault maps discovered:
D:1:      roadster_arrival_rocket_small, layout_basic,
          kennysheep_decorative_pillar
D:2:      minmay_recursive_quarters, layout_basic,
          minmay_misc_feat_more_columns, uniq_robin, uniq_terence
D:3:      layout_loops_ring, minivault_25, hangedman_glass_teeth,
          kennysheep_generic_room_10, uniq_jessica, uniq_pargi
D:4:      layout_loops_ring, gammafunk_ghost_split, minmay_misc_feat_tiny,
          uniq_natasha

Skill      XL: |  1  2  3  4  5  6  7 |
---------------+----------------------+-----
Stealth        | 6 7 8 |  8.4
Short Blades   | 3 |  3.6
Fighting       | 3 |  3.6
Throwing       | 3 |  3.5
Polearms       | 1 |  1.3
Dodging        | 2 |  2.2
Evocations     | |  0.2

Action                     |  1- 3 |  4- 6 |  7- 9 || total
---------------------------+-------+-------+-------++-------
  Melee: Dagger            |    69 |    51 |    29 ||   149
         Constrict         |    14 |    19 |     9 ||    42
         Tentacles         |     7 |    12 |     8 ||    27
         Punch             |     1 |     1 |     1 ||     3
         Spear             |       |    34 |       ||    34
         Battleaxe         |       |       |     1 ||     1
  Throw: Stone             |     5 |    22 |       ||    27
         Dart              |       |     7 |     8 ||    15
         Javelin           |       |    10 |       ||    10
  Evoke: Wand              |       |     4 |       ||     4
    Use: Scroll            |     3 |     2 |       ||     5
         Potion            |       |     1 |     1 ||     2
   Stab: Sleeping          |    17 |    10 |     1 ||    28
         Distracted        |     1 |       |       ||     1
 Armour: Skin              |    17 |    47 |    18 ||    82
  Dodge: Dodged            |    25 |    58 |    10 ||    93

Table legend: (Time is in decaauts)
 A = Elapsed time spent in this place.
 B = Non-inter-level travel time spent in this place.
 C = Inter-level travel time spent in this place.
 D = Time resting spent in this place.
 E = Time spent auto-exploring this place.
 F = Levels seen in this place.
 G = Mean time per level.
                   A        B        C        D        E       F      G
               +--------+--------+--------+--------+--------+-----+--------+
         Total |   4938 |   4718 |    220 |   1633 |    476 |   4 | 1234.5 |
       Dungeon |   4938 |   4718 |    220 |   1633 |    476 |   4 | 1234.5 |
               +--------+--------+--------+--------+--------+-----+--------+

Top non-repeatable levels by time:
     D:3: 2137 daAuts
     D:2: 1456 daAuts
     D:1: 858 daAuts
     D:4: 486 daAuts
